Map: Ruines de Seras

Players

Sylfaen

  • Race: Zerg Zerg
  • League: Diamond

Bosoner - Winner!

  • Race: Zerg Zerg
  • League: Diamond

VOD

Have the link to the VOD?

Description

Time

  • Played on: April 11, 2016, 2:33 p.m.
  • Length: 10:31
Show
View Real Time Build Order
Export as new Build Order

Sylfaen Zerg 

Build Orders: Hatch First 

Get SALT Encoding   

  12  0:01  Drone  
  13  0:12  Overlord  
  13  0:17  Drone  
  14  0:30  Drone x2  
  14  0:34  Drone  
  17  0:55  Hatchery  
  16  0:58  Drone  
  16  1:02  Drone  
  18  1:12  Drone  
  18  1:13  Extractor  
  18  1:19  Spawning Pool  
  17  1:26  Drone  
  18  1:34  Drone  
  19  1:49  Overlord  
  19  1:53  Drone  
  20  2:08  Zergling x4  
  20  2:09  Queen x2  
  20  2:11  Drone  
  20  2:14  Metabolic Boost  
  27  2:20  Drone  
  28  2:23  Drone  
  29  2:38  Baneling Nest  
  29  2:43  Zergling x6  
  31  2:45  Overlord  
  31  2:53  Overlord  
  31  2:58  Zergling x2  
  32  3:04  Zergling x2  
  33  3:09  Zergling x2  
  34  3:19  Zergling x2  
  35  3:20  Zergling x14  
  35  3:26  Overlord  
  42  3:35  Baneling x5  
  41  3:51  Drone x6  
  37  4:16  Zergling x2  
  37  4:17  Zergling x10  
  38  4:25  Drone x6  
  44  4:34  Evolution Chamber  
  44  4:35  Lair  
  43  4:41  Baneling x2  
  44  4:45  Drone  
  44  4:46  Drone x3  
  47  4:57  Roach Warren  
  46  5:04  Zerg Missile Weapons Level 1  
  46  5:05  Drone x6  
  52  5:08  Extractor  
  52  5:09  Extractor  
  50  5:23  Overlord x2  
  50  5:37  Glial Reconstitution  
  50  5:40  Overlord x5  
  52  5:42  Roach  
  52  5:43  Roach x2  
  52  5:44  Roach  
  52  5:47  Roach  
  60  5:54  Overseer  
  60  6:01  Roach x2  
  60  6:02  Roach  
  66  6:05  Extractor  
  66  6:08  Roach x2  
  69  6:22  Roach  
  69  6:23  Roach x3  
  69  6:24  Roach  
  79  6:26  Roach  
  81  6:34  Spore Crawler x2  
  79  6:52  Drone x4  
  83  6:57  Roach  
  83  6:58  Roach x3  
  91  7:04  Hatchery  
  74  7:27  Hydralisk Den  
  74  7:29  Spore Crawler  
  68  7:35  Drone x6  
  68  7:36  Zerg Missile Weapons Level 2, Drone  
  59  7:56  Hydralisk  
  59  7:57  Hydralisk x2  
  59  7:58  Hydralisk x3  
  59  7:59  Hydralisk x2  
  59  8:01  Hydralisk  
  59  8:04  Hydralisk  
  71  8:21  Hydralisk  
  71  8:22  Hydralisk x3  
  79  8:30  Overlord x3  
  79  8:54  Hydralisk x6  
  89  9:09  Muscular Augments  
  89  9:12  Overlord  
  89  9:14  Zergling x2  
  89  9:15  Zergling x8  
  95  9:17  Zergling x2  
  95  9:32  Zergling x10  
  95  9:36  Overlord  
  100  9:41  Spine Crawler  
  100  9:42  Spine Crawler  
  97  9:48  Zergling x6  
  100  9:53  Baneling x8  
  100  9:54  Baneling x6  
  100  10:12  Baneling x4  
  100  10:13  Baneling  
Show
View Real Time Build Order
Export as new Build Order

Bosoner Zerg - Winner!

Build Orders: Hatch First 

Get SALT Encoding   

  12  0:01  Drone  
  13  0:13  Overlord  
  13  0:18  Drone  
  14  0:31  Drone x2  
  16  0:44  Drone  
  17  0:54  Hatchery  
  16  0:59  Drone  
  16  1:00  Drone  
  18  1:12  Extractor  
  18  1:16  Spawning Pool  
  16  1:19  Drone  
  16  1:22  Drone  
  18  1:32  Drone  
  19  1:45  Overlord  
  19  1:51  Drone  
  20  2:03  Queen  
  20  2:04  Zergling x2  
  20  2:06  Queen  
  20  2:07  Drone  
  26  2:12  Metabolic Boost  
  26  2:19  Drone x2  
  28  2:26  Drone  
  29  2:35  Baneling Nest  
  29  2:36  Drone  
  30  2:37  Zergling x2  
  30  2:47  Drone x2  
  32  3:00  Overlord  
  32  3:01  Hatchery  
  31  3:18  Drone  
  32  3:21  Baneling x2  
  32  3:23  Zergling x8  
  32  3:24  Drone  
  32  3:25  Drone x4  
  41  3:35  Zergling x4  
  41  3:37  Baneling  
  41  3:38  Baneling  
  43  3:49  Drone  
  43  3:51  Zergling x2  
  43  3:52  Overlord  
  43  3:53  Lair  
  43  3:55  Extractor  
  37  4:13  Zergling x12  
  39  4:22  Queen  
  41  4:30  Zergling x2  
  41  4:31  Zergling x10  
  47  4:36  Drone x2  
  49  4:43  Queen  
  51  4:46  Drone x2  
  51  4:49  Extractor  
  52  4:56  Baneling x3  
  52  5:07  Baneling x2  
  52  5:08  Spine Crawler  
  51  5:15  Drone x2, Spire  
  52  5:24  Drone x3  
  52  5:25  Drone  
  52  5:27  Drone x2  
  57  5:42  Extractor, Drone  
  57  5:43  Overlord  
  57  5:54  Overlord  
  57  6:03  Overlord  
  57  6:05  Drone x3  
  57  6:06  Drone x3  
  63  6:17  Overlord  
  63  6:23  Overlord  
  63  6:24  Drone x3  
  66  6:29  Mutalisk x6  
  78  6:37  Drone x2  
  80  6:40  Mutalisk x2  
  80  6:43  Baneling  
  84  6:47  Extractor  
  84  6:49  Zergling x2  
  84  6:50  Zergling x10  
  89  6:56  Spine Crawler  
  89  6:59  Baneling x2, Zergling x2  
  89  7:00  Zergling x4  
  90  7:17  Zergling x8  
  90  7:18  Zergling x16  
  90  7:20  Overlord  
  94  7:25  Zergling x2  
  94  7:26  Zergling x6  
  93  7:31  Zerg Flyer Weapons Level 1  
  93  7:32  Overlord  
  93  7:44  Drone x4  
  97  8:01  Drone, Evolution Chamber  
  97  8:02  Drone x9  
  97  8:03  Evolution Chamber  
  105  8:06  Extractor  
  104  8:15  Baneling x3  
  104  8:22  Overlord x2  
  104  8:23  Drone x3  
  104  8:26  Overlord  
  107  8:27  Infestation Pit  
  106  8:42  Overlord x2  
  106  8:43  Overlord  
  106  8:49  Hatchery  
  106  8:54  Mutalisk  
  106  8:55  Mutalisk x3  
  113  9:14  Overseer  
  113  9:16  Queen  
  115  9:24  Pneumatized Carapace  
  115  9:28  Zergling x18  
  115  9:29  Zergling x8  
  128  9:34  Baneling x5  
  128  9:44  Zergling x2  
  128  9:45  Zergling x14  
  136  9:46  Baneling  
  136  9:47  Baneling x5  
  136  9:52  Extractor  
  134  9:53  Extractor  
  134  9:54  Baneling x5  
  134  9:55  Zergling x2  
  134  9:56  Zergling x6  
  134  9:59  Overlord  
Tags
 
Add a new tag
Caveats
  • Supply blocks, unpowered buildings, or Contaminate may cause inaccurate times.
  • Supply counts are checked every 10 seconds.